 Dungeon Crawl Stone Soup version 0.29-a0-389-gd8082fcd2d (webtiles) character file.

Game seed: 9906474870170622763

31 Harunobu the Skirmisher (level 3, -2/60 HPs)
             Began as an Ogre Berserker on May 8, 2022.
             Was a Follower of Trog.
             Slain by a gnoll
             ... wielding a +0 flail
              (5 damage)
             ... on level 2 of the Dungeon.
             The game lasted 00:02:16 (1061 turns).

Harunobu the Skirmisher (Ogre Berserker)            Turns: 1061, Time: 00:02:16

Health: -2/60      AC:  3    Str: 23    XL:     3   Next: 22%
Magic:  3/3        EV: 10    Int:  8    God:    Trog [*.....]
Gold:   104        SH:  0    Dex:  8    Spells: 2/2 levels left

rFire   + . .      SeeInvis .   d - +0 whip
rCold   . . .      Faith    .   (no shield)
rNeg    . . .      Spirit   .   b - +0 animal skin
rPois   .          Reflect  .   (helmet restricted)
rElec   .          Harm     .   (no cloak)
rCorr   .          Rampage  .   (gloves unavailable)
Will    .....                   (boots unavailable)
Stlth   ..........              (no amulet)
HPRegen 0.20/turn               e - ring of protection from fire
MPRegen 0.08/turn               (no ring)

@: berserking, very quick
A: large, unfitting armour, tough skin 1
a: Renounce Religion, Berserk


You were on level 2 of the Dungeon.
You worshipped Trog.
Trog was aware of your devotion.
You visited 1 branch of the dungeon, and saw 2 of its levels.

You collected 104 gold pieces.

Inventory:

Hand Weapons
 a - a +0 mace
 d - a +0 whip (weapon)
Armour
 b - a +0 animal skin (worn)
Jewellery
 e - a ring of protection from fire (left hand)
Scrolls
 c - a scroll of immolation {unknown}
Potions
 f - a potion of invisibility {unknown}
 g - a potion of heal wounds {unknown}
 h - a potion of curing {unknown}


   Skills:
 + Level 4.6 Fighting
 + Level 3.2 Maces & Flails
 + Level 3.0 Dodging


You had 2 spell levels left.
You didn't know any spells.
Your spell library was empty.

Dungeon Overview and Level Annotations

Branches:
Dungeon (2/15)

Altars:


Innate Abilities, Weirdness & Mutations

You are too large for most types of armour.
You have tough skin. (AC +1)


Message History

You whack the bat!
You kill the bat!
Trog accepts your kill.
You see here a bat corpse.
Found 11 gold pieces.
You whack the worm!
The worm is moderately wounded.
You hit the worm.
The worm is heavily wounded.
A worm comes into view.
The worm bites you.
You whack the worm!
The worm is severely wounded.
You hit the worm but do no damage.
The worm is severely wounded.
The worm bites you.
You barely miss the worm.
The worm is severely wounded.
You hit the worm but do no damage.
The worm is severely wounded.
The gnoll hits you with a +0 flail! The worm bites you!
You hit the worm.
The worm is almost dead.
The gnoll hits you with a +0 flail!
* * * LOW HITPOINT WARNING * * *
The worm bites you.
* * * LOW HITPOINT WARNING * * *
You barely miss the worm.
The worm is severely wounded.
The gnoll hits you with a +0 flail.
* * * LOW HITPOINT WARNING * * *
Unknown command.
A red film seems to cover your vision as you go berserk!
You feel yourself moving faster!
You feel mighty! The gnoll closely misses you.
The worm bites you but does no damage.
You whack the worm!
You kill the worm!
Trog accepts your kill. The gnoll hits you with a +0 flail.
You die...

#.#....... . #.#.
....#.. #... #...#.#
. ####.#. #...#.# ..
.......##...#.##..##
....................
.###.#..##....##..#
#.....†g.....#
#..###.@.##... #..#
#..†# #..#....(..
#..#.#.......
#..#w#.#....... ....
..#.###.#. . #.#.#
.# .. #. .# #


You could see a worm and a gnoll.

Vanquished Creatures
  A worm (D:2)
  4 bats
  3 endoplasms (D:1)
  2 giant cockroaches (D:1)
  A goblin (D:1)
  A hobgoblin (D:1)
  10 jackals (D:1)
  A kobold (D:1)
  A quokka (D:1)
  A rat (D:1)
25 creatures vanquished.

Vanquished Creatures (others)
  A plant (D:2)
1 creature vanquished.

Grand Total: 26 creatures vanquished

Notes
Turn   | Place    | Note
-------+----------+-------------------------------------------
     0 | D:1      | Harunobu the Ogre Berserker began the quest for the Orb.
     0 | D:1      | Reached XP level 1. HP: 24/24 MP: 1/1
    59 | D:1      | Reached XP level 2. HP: 20/32 MP: 2/2
   558 | D:1      | Reached XP level 3. HP: 29/40 MP: 3/3
  1059 | D:2      | HP: 2/40 [gnoll/+0 flail (4)]
  1061 | D:2      | Slain by a gnoll

Illustrated notes

Levels and vault maps discovered:
D:1:      minmay_arrival_four_circles, layout_rooms
D:2:      layout_basic, basic_altar, shapermc_ecumenical_altar_venn,
          grunt_ministairs_4, nicolae_grassy_gnolls

Skill      XL: |  1  2 |
---------------+-------+-----
Maces & Flails | 3 |  3.2
Dodging        | 3 |  3.0
Fighting       | |  4.6

Action                   || total
-------------------------++-------
Melee: Mace              ||    23
       Whip              ||    78
Invok: Berserk           ||     2
Armor: Animal skin       ||    32
Dodge: Dodged            ||    91

Table legend: (Time is in decaauts)
 A = Elapsed time spent in this place.
 B = Non-inter-level travel time spent in this place.
 C = Inter-level travel time spent in this place.
 D = Time resting spent in this place.
 E = Time spent auto-exploring this place.
 F = Levels seen in this place.
 G = Mean time per level.
                   A        B        C        D        E       F      G
               +--------+--------+--------+--------+--------+-----+--------+
         Total |   1065 |   1040 |     25 |    529 |    277 |   2 |  532.5 |
       Dungeon |   1065 |   1040 |     25 |    529 |    277 |   2 |  532.5 |
               +--------+--------+--------+--------+--------+-----+--------+

Top non-repeatable levels by time:
     D:1: 1048 daAuts
     D:2: 16 daAuts
